 Dungeon Crawl Stone Soup version 0.20.2-3-g29329e0561 (webtiles) character file.

332 Alfie the Shield-Bearer (level 6, -3/79 HPs)
             Began as a Hill Orc Fighter on Jan 25, 2023.
             Slain by a wight
             ... wielding a +3 spear
              (7 damage)
             ... on level 3 of the Dungeon.
             The game lasted 00:06:57 (2147 turns).

Alfie the Shield-Bearer (Hill Orc Fighter)          Turns: 2147, Time: 00:06:58

Health: -3/79      AC:  8    Str: 26    XL:     6   Next: 52%
Magic:  6/6        EV:  7    Int:  8    God:
Gold:   68         SH:  9    Dex: 10    Spells: 4/5 levels left

rFire    . . .     SeeInvis .   a - +1 rapier
rCold    . . .     Gourm    .   c - +0 shield
rNeg     . . .     Faith    .   b - +1 scale mail
rPois    .         Spirit   .   (no helmet)
rElec    .         Reflect  .   k - +0 cloak
rCorr    .         Harm     .   (no gloves)
MR       .....                  (no boots)
Stlth    ..........             (no amulet)
Regen    0.3/turn               (no ring)
MPRegen  0.1/turn               (no ring)

@: berserking, very heavily drained, very quick
A: no striking features
a: no special abilities


You were on level 3 of the Dungeon.
You were not hungry.

You visited 1 branch of the dungeon, and saw 3 of its levels.

You collected 68 gold pieces.

Inventory:

Hand Weapons
 a - a +1 rapier (weapon)
Armour
 b - a +1 scale mail (worn)
 c - a +0 shield (worn)
 k - a +0 cloak (worn)
Jewellery
 o - a cursed ring of teleportation {unknown}
Scrolls
 d - 2 scrolls of remove curse {unknown}
 e - 4 scrolls of identify
 f - a scroll of noise {unknown}
 g - a scroll of fear
 l - a scroll of teleportation {unknown}
Potions
 h - a potion of ambrosia {unknown}
 i - a potion of berserk rage
 m - a potion of curing {unknown}
 p - a potion of lignification {unknown}
 q - a potion of brilliance {unknown}
Comestibles
 n - a bread ration


   Skills:
 + Level 4.6(1.4) Fighting
 + Level 3.9(0.7) Short Blades
 + Level 4.4(1.2) Armour
 + Level 1.3(0.0) Dodging
 + Level 4.9(1.7) Shields


You had 4 spell levels left.
You knew the following spells:

 Your Spells              Type           Power        Failure   Level  Hunger
a - Confusing Touch       Hex            #.....       99%         1    ##.....


Dungeon Overview and Level Annotations

Branches:
Dungeon (3/15)

Altars:


Message History

The wight hits you with a spear.
* * * LOW HITPOINT WARNING * * *
You block the wight's attack.
You barely miss the wight.
The wight is moderately damaged.
You block the wight's attack.
The wight hits you from afar with an enchanted spear.
* * * LOW HITPOINT WARNING * * *
You completely miss the wight.
The wight is moderately damaged.
The wight hits you with a spear!
* * * LOW HITPOINT WARNING * * *
You feel drained.
* * * LOW HITPOINT WARNING * * *
The wight barely misses you.
It was a potion of berserk rage.
A red film seems to cover your vision as you go berserk!
You feel yourself moving faster!
You feel mighty! You block the wight's attack.
The wight hits you from afar with an enchanted spear!
You die...

#< #.# #.# #.# #.###############
#...............# ####
#...>..##..####)# #...
##..###.##..#.z#)# #... ....#
#.##..#<.z@# #... ....#
#.##..##################... ....#
#.##.>.................'... ....#
#......##############.##...
....#######..#......#.......##...
....'....##รท.....#..#.#######...#
....####.##.##.#.##.#.#######...#
....# #.##.##)#.#..#.......#...#
....####....................'....


You could see 2 wights.

Vanquished Creatures
  Sigmund (D:2)
  2 wights (D:3)
  2 adders
  A worm (D:2)
  2 dart slugs
  An orc (D:3)
  2 ball pythons
  7 bats
  3 giant cockroaches
  6 goblins
  7 hobgoblins
  A quokka (D:2)
  7 frilled lizards
  6 kobolds
  23 rats
71 creatures vanquished.

Notes
Turn   | Place    | Note
-------+----------+-------------------------------------------
     0 | D:1      | Alfie the Hill Orc Fighter began the quest for the Orb.
     0 | D:1      | Reached XP level 1. HP: 19/19 MP: 1/1
   383 | D:1      | Reached XP level 2. HP: 27/27 MP: 2/2
   897 | D:2      | Noticed Sigmund
   912 | D:2      | Killed Sigmund
   912 | D:2      | Reached XP level 3. HP: 19/34 MP: 3/3
   912 | D:2      | Reached XP level 4. HP: 23/41 MP: 4/4
   912 | D:2      | Reached XP level 5. HP: 27/47 MP: 5/5
  1730 | D:3      | Reached XP level 6. HP: 43/53 MP: 6/6
  1788 | D:3      | Learned a level 1 spell: Confusing Touch
  1806 | D:3      | Reached skill level 1 in Dodging
  2131 | D:3      | HP: 2/53 [wight/halberd (1)]
  2147 | D:3      | Slain by a wight

Skill      XL: |  1  2  3  4  5  6 |
---------------+-------------------+-----
Fighting       | 4 |  4.6
Short Blades   | 3 |  3.9
Armour         | 4 |  4.4
Shields        | 4 |  4.9
Dodging        | 1 |  1.3

Action                   |  1- 3 |  4- 6 || total
-------------------------+-------+-------++-------
Melee: Rapier            |    71 |   158 ||   229
  Use: Scroll            |     6 |     2 ||     8
       Potion            |     1 |     4 ||     5
  Eat: Bread ration      |       |     1 ||     1
Armor: Scale mail        |    27 |    49 ||    76
Dodge: Dodged            |    26 |    49 ||    75
Block: Shield            |    41 |    90 ||   131
